 Dungeon Crawl Stone Soup version 0.28-a0-723-g095bd1b44f (webtiles) character file.

Game seed: 12624405508559058679

1255 demibob the Cleaver (level 8, -3/64 HPs)
             Began as a Hill Orc Fighter on Oct 26, 2021.
             Was a Believer of Cheibriados.
             Killed from afar by a steam dragon (9 damage)
             ... with a ball of steam
             ... on level 6 of the Dungeon.
             The game lasted 00:09:25 (6632 turns).

demibob the Cleaver (Hill Orc Fighter)              Turns: 6632, Time: 00:09:26

Health: -3/64      AC:  6    Str: 23      XL:     8   Next: 51%
Magic:  8/8        EV: 24    Int: 11 (12) God:    Cheibriados [**....]
Gold:   218        SH:  0    Dex: 16      Spells: 7/7 levels left

rFire   . . .      SeeInvis .   a - +0 war axe
rCold   . . .      Faith    .   (no shield)
rNeg    . . .      Spirit   .   l - +0 scale mail
rPois   .          Reflect  .   (no helmet)
rElec   .          Harm     .   (no cloak)
rCorr   .          Rampage  .   (no gloves)
Will    .....                   (no boots)
Stlth   ..........              k - amulet of the acrobat
HPRegen 0.20/turn               (no ring)
MPRegen 0.11/turn               (no ring)

@: mighty, acrobatic, very slow
A: no striking features
a: Renounce Religion, Bend Time


You were on level 6 of the Dungeon.
You worshipped Cheibriados.
Cheibriados was pleased with you.
You visited 1 branch of the dungeon, and saw 6 of its levels.

You collected 353 gold pieces.
You spent 135 gold pieces at shops.


   Skills:
 - Level 3.6 Fighting
 + Level 10.9 Axes
 + Level 5.1 Bows
 - Level 3.2 Armour
 - Level 3.2 Shields


You had 7 spell levels left.
You didn't know any spells.
Your spell library contained the following spells:

 Spells                   Type           Power      Damage    Failure   Level
 Apportation              Tloc           0%         N/A       65%         1
 Shock                    Conj/Air       0%         1d3       65%         1
 Call Canine Familiar     Summ           0%         N/A       95%         3
 Ignite Poison            Fire/Tmut/Pois 0%         N/A       95%         3
 Mephitic Cloud           Conj/Pois/Air  0%         N/A       95%         3
 Portal Projectile        Hex/Tloc       0%         N/A       95%         3
 Swiftness                Air            0%         N/A       95%         3
 Airstrike                Air            0%         N/A       100%        4
 Leda's Liquefaction      Hex/Erth       0%         N/A       100%        4
 Alistair's Intoxication  Tmut/Pois      0%         N/A       100%        5
 Freezing Cloud           Conj/Ice/Air   0%         6-21      100%        5
 Invisibility             Hex            0%         N/A       100%        6

Inventory:

Hand Weapons
 a - a +0 war axe (weapon)
 b - a +0 shortbow
Missiles
 e - 11 poisoned darts
 g - a throwing net (quivered) {=f}
 m - 72 arrows
Armour
 l - a +0 scale mail (worn)
 n - a +2 pair of gloves
Jewellery
 k - an amulet of the acrobat (around neck)
Scrolls
 f - 5 scrolls of enchant weapon {unknown}
 j - a scroll of brand weapon {unknown}
 o - a scroll of amnesia {unknown}
 p - 2 scrolls of magic mapping {unknown}
 q - 2 scrolls of identify {@r1}
 r - a scroll of silence {unknown}
Potions
 c - a potion of degeneration
 h - a potion of magic {unknown}
 i - a potion of haste {@q3}
 s - a potion of curing {@q1}

Dungeon Overview and Level Annotations

Branches:
Dungeon (6/15)
 Temple: D:4-7

Altars:
Ashenzari
Cheibriados
The Shining One

Shops:
D:3

* ▒▒. #.....# ▒.. ##.....# ▒.▒ ▒▒
#....... ▒.▒ ..▒ ▒#.##.##. ▒.▒
..▒.▒#.##.##. ▒.▒▒ ▓.▒▒.▒.....##.
▒.[▒ ▓▓..▒..▒#.#.....
▒▒.▒▒?.▓▓▓▓▓▓..▒..▒▒#.#.###.
#▒.≈▒▒....)@5)▒▒≈.▒.#.......
##.▒^.▒▒.8..8D▒...▒▒..#..##..
#..▒...▒▒▒▒▒▒▒▒...▒.#.....#.#
#####.#▒▒..≈..≈≈..≈..▒▒.........#
......# ▒.≈..≈..≈..≈.▒#####......
......# ▒▒...≈..≈...▒▒ #.....#
####..# ▒▒.≈....≈.▒▒ ##...##
#.....# #▒)▒▒▒▒▒▒▒▒# #...#
#.##.## #..# ####.# #...#


You could see a steam dragon (catching breath) and a white imp.


Message History

You kill the orc!
Cheibriados appreciates the change of pace.
You are engulfed in a cloud of scalding steam.
* * * LOW HITPOINT WARNING * * *
The steam dragon bites you.
* * * LOW HITPOINT WARNING * * *
The steam dragon claws you.
* * * LOW HITPOINT WARNING * * *
You slash the steam dragon!
The steam dragon is moderately wounded.
You slash the steam dragon!
You kill the steam dragon!
Cheibriados appreciates the change of pace.
You are engulfed in a cloud of scalding steam.
* * * LOW HITPOINT WARNING * * *
The steam dragon bites you.
* * * LOW HITPOINT WARNING * * *
The steam dragon claws you.
* * * LOW HITPOINT WARNING * * *
You feel your strength returning.
Your Bows skill increases to level 5!
You hit the white imp but do no damage. You closely miss the steam dragon.
The steam dragon bites you!
* * * LOW HITPOINT WARNING * * *
The steam dragon claws you but does no damage.
The white imp barely misses you.
The white imp hits you but does no damage.
The steam dragon breathes steam at you. The ball of steam hits you!
You die...

Skill      XL: |  1  2  3  4  5  6  7  8 |
---------------+-------------------------+-----
Axes           | 3 4 5 6 7 8 10 | 10.9
Bows           | 2 4 5 |  5.1
Fighting       | |  3.6
Armour         | |  3.2
Shields        | |  3.2

Action                   |  1- 3 |  4- 6 |  7- 9 || total
-------------------------+-------+-------+-------++-------
Melee: War axe           |   100 |   153 |    91 ||   344
 Fire: Shortbow          |       |       |    36 ||    36
  Use: Potion            |     2 |     1 |     6 ||     9
       Scroll            |       |     2 |     1 ||     3
Armor: Scale mail        |    47 |    63 |    33 ||   143
Dodge: Dodged            |    65 |    79 |    55 ||   199

Levels and vault maps discovered:
D:1:      dpeg_arrival_rooms_c, layout_basic, minmay_liquid_box,
          roderic_filled_cross, minmay_misc_feat_rows
D:2:      layout_loops_cross, shapermc_ecumenical_altar_mp_highgroup,
          kennysheep_nondescript
D:3:      layout_basic, kennysheep_slug_shrine, serial_shops, shop,
          minivault_11, minmay_misc_feat_secret_circle, minivault_23
D:4:      layout_loops_ring, mainiacjoe_overflow_24_doors,
          nicolae_tso_swordbearing_angel
D:5:      layout_rooms
D:6:      layout_loops_cross, nzn_random_ring

Notes
Turn   | Place    | Note
-------+----------+-------------------------------------------
     0 | D:1      | demibob the Hill Orc Fighter began the quest for the Orb.
     0 | D:1      | Reached XP level 1. HP: 19/19 MP: 1/1
    81 | D:1      | Reached skill level 3 in Axes
   163 | D:1      | Reached XP level 2. HP: 25/26 MP: 2/2
   332 | D:1      | Reached skill level 4 in Axes
   804 | D:1      | Reached XP level 3. HP: 31/31 MP: 3/3
  1324 | D:2      | Identified a potion of resistance
  1334 | D:2      | Reached skill level 5 in Axes
  1983 | D:2      | Reached XP level 4. HP: 32/37 MP: 4/4
  2114 | D:2      | Reached skill level 6 in Axes
  2164 | D:2      | Found a faded altar of an unknown god.
  2559 | D:3      | Reached XP level 5. HP: 42/45 MP: 5/5
  2692 | D:3      | Reached skill level 7 in Axes
  3100 | D:3      | Found a snail-covered altar of Cheibriados.
  3120 | D:3      | Became a worshipper of Cheibriados the Contemplative
  3432 | D:3      | Found Geclaen's Assorted Antiques.
  3455 | D:3      | Bought a blackened steel amulet for 135 gold pieces
  3920 | D:4      | Reached XP level 6. HP: 46/51 MP: 6/6
  3967 | D:4      | Found a broken altar of Ashenzari.
  3977 | D:4      | Reached skill level 8 in Axes
  4141 | D:4      | Reached skill level 1 in Bows
  4243 | D:4      | Found a glowing golden altar of the Shining One.
  4551 | D:5      | Entered Level 5 of the Dungeon
  4597 | D:5      | Noticed a black bear
  4599 | D:5      | Reached * piety under Cheibriados
  4609 | D:5      | Killed a black bear
  4610 | D:5      | Reached skill level 2 in Bows
  4611 | D:5      | Reached XP level 7. HP: 20/57 MP: 7/7
  4850 | D:5      | HP: 4/57 [something (3)]
  5099 | D:6      | Reached skill level 9 in Axes
  5107 | D:6      | Reached skill level 3 in Bows
  5559 | D:5      | Reached skill level 4 in Bows
  5654 | D:5      | Reached skill level 10 in Axes
  5654 | D:5      | Reached XP level 8. HP: 37/64 MP: 8/8
  5928 | D:5      | Reached ** piety under Cheibriados
  6631 | D:6      | Reached skill level 5 in Bows
  6631 | D:6      | HP: 6/64 [steam dragon (7)]
  6632 | D:6      | Killed from afar by a steam dragon

Vanquished Creatures
  A steam dragon (D:6)
  A black bear (D:5)
  A necrophage (D:6)
  2 ogres
  A wyvern skeleton (D:6)
  A water moccasin skeleton (D:6)
  A howler monkey (D:4)
  2 bullfrog skeletons (D:5)
  5 hounds
  An orc priest (D:3)
  2 jellies (D:6)
  An iguana (D:5)
  2 orc wizards (D:5)
  A hound skeleton (D:5)
  A howler monkey skeleton (D:5)
  3 gnolls (D:3)
  10 adders
  A white imp (D:5)
  An ufetubus (D:6)
  2 worms (D:2)
  7 dart slugs
  15 orcs
  2 bats (D:3)
  4 endoplasms
  3 giant cockroaches (D:1)
  8 goblins
  8 hobgoblins
  4 jackals
  6 kobolds
  2 quokkas
  5 ball pythons
  2 frilled lizards
  9 rats
115 creatures vanquished.

Vanquished Creatures (others)
  A shadow imp (D:6)
1 creature vanquished.

Grand Total: 116 creatures vanquished

Table legend: (Time is in decaauts)
 A = Elapsed time spent in this place.
 B = Non-inter-level travel time spent in this place.
 C = Inter-level travel time spent in this place.
 D = Time resting spent in this place.
 E = Time spent auto-exploring this place.
 F = Levels seen in this place.
 G = Mean time per level.
                   A        B        C        D        E       F      G
               +--------+--------+--------+--------+--------+-----+--------+
         Total |   7408 |   7145 |    263 |   1592 |   4594 |   6 | 1234.7 |
       Dungeon |   7408 |   7145 |    263 |   1592 |   4594 |   6 | 1234.7 |
               +--------+--------+--------+--------+--------+-----+--------+

Top non-repeatable levels by time:
     D:3: 1356 daAuts
     D:2: 1326 daAuts
     D:6: 1310 daAuts
     D:1: 1275 daAuts
     D:5: 1141 daAuts
     D:4: 998 daAuts

Table legend:
 A = Non-vault XP
 B = Vault XP
 C = Vault XP percentage of total XP
 D = Non-vault monster count
 E = Vault monster count
 F = Vault count percentage of total count
                 A         B        C        D         E       F
            +---------+---------+-------+---------+---------+-------
      Total |    1472 |     321 |  17.9 |     109 |       6 |   5.2
            +---------+---------+-------+---------+---------+-------
        D:1 |      37 |       0 |   0.0 |      20 |       0 |   0.0
        D:2 |      98 |       0 |   0.0 |      17 |       0 |   0.0
        D:3 |     158 |       4 |   2.5 |      27 |       1 |   3.6
        D:4 |     107 |       0 |   0.0 |      17 |       0 |   0.0
        D:5 |     622 |       0 |   0.0 |      19 |       0 |   0.0
        D:6 |     450 |     317 |  41.3 |       9 |       5 |  35.7
            +---------+---------+-------+---------+---------+-------
